 Dungeon Crawl Stone Soup version 0.21.0 (webtiles) character file.

219 AgrsvlyMoist the Slasher (level 5, -5/61 HPs)
             Began as a Barachi Berserker on July 26, 2018.
             Was a Believer of Trog.
             Slain by Duvessa
             ... wielding a +4 short sword of freezing
              (6 damage)
             ... on level 4 of the Dungeon.
             The game lasted 00:11:38 (2627 turns).

AgrsvlyMoist the Slasher (Barachi Berserker)        Turns: 2627, Time: 00:11:40

Health: -5/61      AC: 12    Str: 24    XL:     5   Next: 96%
Magic:  5/5        EV:  6    Int:  7    God:    Trog [**....]
Gold:   202        SH:  3    Dex: 12    Spells: 4/4 levels left

rFire    . . .     SeeInvis .   a - +0 falchion
rCold    . . .     Gourm    .   j - +0 buckler
rNeg     . . .     Faith    .   m - +0 plate armour
rPois    .         Spirit   .   p - +0 helmet
rElec    .         Reflect  .   (no cloak)
rCorr    .         Harm     .   (no gloves)
MR       ++...                  (no boots)
Stlth    ..........             l - amulet of rage
HPRegen  1.20/turn              (no ring)
MPRegen  0.09/turn              (no ring)

@: berserking (expiring), lethally poisoned (-5 -> -6), starving, regenerating,
quick
A: +LOS, swims, slowness 1, strong legs 1
a: Hop, Berserk, Trog's Hand, Burn Spellbooks, Renounce Religion, Evoke Berserk
Rage


You were on level 4 of the Dungeon.
You worshipped Trog.
Trog was pleased with you.
You were starving.

You visited 1 branch of the dungeon, and saw 4 of its levels.

You collected 202 gold pieces.

Inventory:

Hand Weapons
 a - a +0 falchion (weapon)
Armour
 f - a +0 chain mail
 j - a +0 buckler (worn)
 m - a +0 plate armour (worn)
 p - a +0 helmet (worn)
Jewellery
 l - an amulet of rage (around neck)
Scrolls
 b - a scroll of enchant armour {unknown}
 e - a scroll of teleportation {unknown}
 h - a scroll of remove curse {unknown}
 k - 2 scrolls of random uselessness {unknown}
 q - a scroll of amnesia {unknown}
 r - a scroll of identify {unknown}
Potions
 d - a potion of flight {unknown}
 g - a potion of lignification
 i - a potion of berserk rage
 n - a potion of brilliance {unknown}
 o - a potion of mutation {unknown}
Comestibles
 c - 4 rations


   Skills:
 - Level 3.6 Fighting
 + Level 7.7 Long Blades
 - Level 2.4 Armour
 - Level 2.1 Dodging


You had 4 spell levels left.
You didn't know any spells.

Dungeon Overview and Level Annotations

Branches:
Dungeon (4/15)
 Temple: D:4-7

Altars:
Dithmenos
Gozag
Wu Jian
Yredelemnul

Annotations:
D:4 Duvessa


Innate Abilities, Weirdness & Mutations

Shadows flee at your approach. (+LOS)
You can swim through water.
You cover ground slowly.
You can hop short distances.


Message History

Trog appreciates your killing of a magic user.
Duvessa screams in rage.
Duvessa goes berserk!
You feel the effects of Trog's Hand fading.
You feel sick. Duvessa hits you but does no damage.
You closely miss Duvessa.
Duvessa is almost dead.
You feel sick.
Duvessa hits you with a short sword of freezing.
* * * LOW HITPOINT WARNING * * *
Duvessa freezes you.
* * * LOW HITPOINT WARNING * * *
The scorpion stings you but does no damage.
You are starving!
You hit Duvessa but do no damage.
Duvessa is almost dead.
* * * LOW HITPOINT WARNING * * *
You feel sick.
Duvessa hits you with a short sword of freezing.
You die...

#......# ##########
#.....## #.........
#.....# #........!
#.....# #..<......
###.....# #.........
#.......# #.........
#.##....# #.........
#.##....####.s.......
#.##....>..)@........
#.##....###..e.......
#.##.....>#..........
#.##.###..#..........
#.##.# ..#..........
#.##.# ....###+#####
#....# #.... ## ..##
..#


You could see Duvessa (berserk) and a scorpion.

Vanquished Creatures
  Dowan (D:4)
  A crimson imp (D:3)
  Robin (D:2)
  5 adders
  An ooze (D:3)
  A worm (D:3)
  A dart slug (D:3)
  A leopard gecko (D:2)
  7 orcs (D:3)
  13 bats
  2 giant cockroaches (D:3)
  9 goblins
  7 hobgoblins
  2 jackals (D:2)
  A quokka (D:3)
  2 frilled lizards
  3 kobolds
  6 rats
64 creatures vanquished.

Notes
Turn   | Place    | Note
-------+----------+-------------------------------------------
     0 | D:1      | AgrsvlyMoist the Barachi Berserker began the quest for the Orb.
     0 | D:1      | Reached XP level 1. HP: 18/18 MP: 1/1
   164 | D:1      | Reached skill level 4 in Long Blades
   223 | D:1      | Reached XP level 2. HP: 24/24 MP: 2/2
   575 | D:2      | Reached skill level 5 in Long Blades
   575 | D:2      | Reached XP level 3. HP: 29/29 MP: 3/3
   679 | D:2      | Noticed Robin
   695 | D:2      | Killed Robin
   709 | D:2      | Reached ** piety under Trog
   709 | D:2      | Reached XP level 4. HP: 20/36 MP: 4/4
   809 | D:2      | Reached skill level 6 in Long Blades
   975 | D:2      | Found a shadowy altar of Dithmenos.
  1419 | D:2      | Found a basalt altar of Yredelemnul.
  1419 | D:2      | Found an ornate altar of the Wu Jian Council.
  1940 | D:3      | Found an opulent altar of Gozag.
  2103 | D:3      | Reached skill level 7 in Long Blades
  2103 | D:3      | Reached XP level 5. HP: 41/41 MP: 5/5
  2605 | D:4      | Noticed Dowan
  2607 | D:4      | Noticed Duvessa
  2625 | D:4      | Killed Dowan
  2626 | D:4      | HP: 2/61 [Duvessa/short sword of freezing (4)]
  2627 | D:4      | Slain by Duvessa

Skill      XL: |  1  2  3  4 |
---------------+-------------+-----
Long Blades    | 4 5 7 |  7.7
Fighting       | |  3.6
Armour         | |  2.4
Dodging        | |  2.1

Action                   |  1- 3 |  4- 6 || total
-------------------------+-------+-------++-------
Melee: Falchion          |    85 |   145 ||   230
Invok: Berserk           |     1 |     2 ||     3
       Trog's Hand       |       |     1 ||     1
  Use: Potion            |       |     2 ||     2
  Eat: Chunk             |       |     8 ||     8
Armor: Chain mail        |    63 |    18 ||    81
       Plate armour      |       |    70 ||    70
       Skin              |       |     8 ||     8
Dodge: Dodged            |    48 |    43 ||    91
Block: Buckler           |       |     6 ||     6
       Rpst.: Falchion   |    14 |    15 ||    29
